 Dungeon Crawl Stone Soup version 0.30-a0-758-gc2c871d025 (webtiles) character file.

Game seed: 16825358738663940420

36 CrazyBamboolord the Shield-Bearer (level 3, -4/30 HPs)
             Began as a Formicid Fighter on Feb 10, 2023.
             Slain by Crazy Yiuf
             ... wielding a +3 quarterstaff of chaos
              (12 damage)
             ... on level 2 of the Dungeon.
             The game lasted 00:01:54 (1513 turns).

CrazyBamboolord the Shield-Bearer (FoFi)            Turns: 1513, Time: 00:01:54

Health: -4/30      AC:  9    Str: 22    XL:     3   Next: 57%
Magic:  3/3        EV:  9    Int:  7    God:
Gold:   82         SH:  5    Dex: 13    Spells: 2/2 levels left

rFire   . . .      SeeInvis +    a - +0 trident (venom)
rCold   . . .      Faith    .    c - +0 buckler
rNeg    . . .      Spirit   .    b - +0 scale mail
rPois   .          Reflect  .    (helmet unavailable)
rElec   .          Harm     .    (no cloak)
rCorr   .          Rampage  .    (no gloves)
Will    .....                    n - +1 pair of boots Stlth
                                 (no amulet)
HPRegen 0.25/turn                (no ring)
MPRegen 0.08/turn                (no ring)

@: no status effects
A: permanent stasis, dig shafts and tunnels, antennae 3, four strong arms
a: Dig, Shaft Self


You were on level 2 of the Dungeon.
You visited 1 branch of the dungeon, and saw 2 of its levels.

You collected 82 gold pieces.

Inventory:

Hand Weapons
 a - a +0 trident of venom (weapon)
Armour
 b - a +0 scale mail (worn)
 c - a +0 buckler (worn)
 n - a +1 pair of boots (worn)
Scrolls
 e - a scroll of blinking {unknown}
 g - a scroll of noise {unknown}
 h - a scroll of fear {unknown}
 i - 2 scrolls of identify
 j - a scroll of enchant weapon {unknown}
 l - 3 scrolls of fog
 m - a scroll of teleportation {unknown}
Potions
 d - a potion of might
 f - 4 potions of curing
 k - a potion of mutation {unknown}
 o - a potion of ambrosia {unknown}


   Skills:
 * Level 3.7 Fighting
 * Level 2.2 Polearms
 * Level 3.9 Armour
 * Level 4.5 Shields


You had 2 spell levels left.
You didn't know any spells.
Your spell library was empty.

Dungeon Overview and Level Annotations

Branches:
Dungeon (2/15)

Altars:

Annotations:
D:2 Crazy Yiuf


Innate Abilities, Weirdness & Mutations

You cannot be hasted, slowed, berserked, paralysed or teleported.
You can dig through walls and to a lower floor.
You have a pair of large antennae on your head. (SInv)
Your four strong arms can wield two-handed weapons with a shield.


Message History

Key pressed, stopping explore.
No target in view!
There is a stone staircase leading down here.
There is an open door here.
Crazy Yiuf shouts!
Crazy Yiuf whimpers, "Ice hog head!"
Failed to move towards target.
Could not explore, unopened runed door.
Failed to move towards target.
Could not explore, unopened runed door.
Failed to move towards target.
You open the door.
Crazy Yiuf drinks a potion.
Crazy Yiuf seems to speed up.
You reach to attack!
You hit Crazy Yiuf.
Crazy Yiuf is poisoned.
Crazy Yiuf is lightly wounded.
Crazy Yiuf cries, "Rot!
Buddy down cower."
Crazy Yiuf hits you with a +3 quarterstaff of chaos.
You resist with some effort.
You hit Crazy Yiuf but do no damage.
Crazy Yiuf is lightly wounded.
Crazy Yiuf cries, "You leg down broken song, no?"
Crazy Yiuf hits you with a +3 quarterstaff of chaos!
Crazy Yiuf draws strength from your wounds!
You block Crazy Yiuf's attack.
You barely miss Crazy Yiuf.
Crazy Yiuf laughs, "Powder ladder return to song!"
Crazy Yiuf misses you.
You closely miss Crazy Yiuf.
Crazy Yiuf is lightly wounded.
You block Crazy Yiuf's attack. Crazy Yiuf barely misses you.
You barely miss Crazy Yiuf.
Crazy Yiuf is lightly wounded.
Crazy Yiuf barely misses you.
Crazy Yiuf screams, "Orb!
Seed testudinal unthinkable."
Crazy Yiuf hits you with a +3 quarterstaff of chaos!
* * * LOW HITPOINT WARNING * * *
You are too injured to fight recklessly!
As you read the scroll of fog, it crumbles to dust.
The scroll dissolves into smoke.
Crazy Yiuf barely misses you.
Crazy Yiuf hits you with a +3 quarterstaff of chaos!
You die...

#.....##
#.##.#.#####....#.#
##...## ########
#......##### ##.##
#.........#. #.##
##### #.#.##......
#..# #..)#
###.#####.#. ##.#
#...# #.#####.##
#.# §§§ ##.......##
#.# #g#
##...####### ## #.#
##@# #..>..## #.
.###.# #§##
#......## #.
..##.####### ##§#
#.......###.
...........# #.##
#.......'..†
...#..###### ##.##
#.......###.
.#....# #...##
#......## #.
...##.# ### #....#
#.....## #. ..###.#
#.# #....# ##...##
#. ..###.#
#.###....## ##'##
##


You could see Crazy Yiuf (fast, poisoned).

Vanquished Creatures
  2 adders (D:2)
  A worm (D:2)
  A dart slug (D:1)
  An endoplasm (D:2)
  3 goblins
  A hobgoblin (D:2)
  2 kobolds
  A frilled lizard (D:2)
  2 rats
14 creatures vanquished.

Notes
Turn   | Place    | Note
-------+----------+-------------------------------------------
     0 | D:1      | CrazyBamboolord the Formicid Fighter began the quest for
                  | the Orb.
     0 | D:1      | Reached XP level 1. HP: 18/18 MP: 1/1
   149 | D:1      | Found a faded altar of an unknown god.
   455 | D:1      | Reached XP level 2. HP: 24/24 MP: 2/2
   731 | D:2      | Reached XP level 3. HP: 23/29 MP: 3/3
   827 | D:2      | Found a runed translucent door.
   828 | D:2      | Noticed Crazy Yiuf
  1513 | D:2      | Slain by Crazy Yiuf

Illustrated notes

Levels and vault maps discovered:
D:1:      dpeg_arrival_radiant, layout_rooms, shapermc_ecumenical_altar_venn,
          fountainhead
D:2:      layout_loops_corners, grunt_decor_junction, uniq_crazy_yiuf_cottage

Action                     || total
---------------------------++-------
  Melee: Trident           ||    37
    Use: Scroll            ||     5
 Armour: Scale mail        ||     9
  Dodge: Dodged            ||    10
  Block: Buckler           ||     2

Table legend: (Time is in decaauts)
 A = Elapsed time spent in this place.
 B = Non-inter-level travel time spent in this place.
 C = Inter-level travel time spent in this place.
 D = Time resting spent in this place.
 E = Time spent auto-exploring this place.
 F = Levels seen in this place.
 G = Mean time per level.
                   A        B        C        D        E       F      G
               +--------+--------+--------+--------+--------+-----+--------+
         Total |   1521 |   1469 |     52 |      0 |   1332 |   2 |  760.5 |
       Dungeon |   1521 |   1469 |     52 |      0 |   1332 |   2 |  760.5 |
               +--------+--------+--------+--------+--------+-----+--------+

Top non-repeatable levels by time:
     D:2: 978 daAuts
     D:1: 543 daAuts
